cohdb
Replays
Latest Replays
All Replays
Popular Replays
Top Player Replays
Match Explorer
How It Works
Community
CoH3 Stats
Reddit
Sign in to upload your games and track your stats! →
Sign in with Steam
Match 40932199
Unlisted
Match 40932199
Overview
Messages
Build Orders
End
Panzergrenadier Squad
Selects Panzerjäger Kommand Battlegroup
Selects Blockade Equipment
Panzergrenadier Squad
Selects Mine Fields
250 Light Carrier
Construct Light Support Kompanie
Fire Support Elements
Panzerjäger Squad
Pak 38 Anti-tank Gun Team
Selects GrB 39 Grenade Launcher Requisition
Selects Tank Busters
Flakvierling Half-track
Construct Mechanized Kompanie
Panzerjäger Squad
2.5-tonne Medical Truck
Selects Defensive Positions
Marder III Tank Destroyer
Marder III Tank Destroyer
Selects Crew Shock Tactics
StuG III D Assault Gun
Oysterkeeper
MintBerryCrunch
Slazenger
Bran
DrewP
Dillbro
0
0
Comments
sign in to comment!
No comments posted yet!